 Dungeon Crawl Stone Soup version 0.30-a0-272-gf98c3da03f (webtiles) character file.

Game seed: 5107889025638499971

868 koil the Sneak (level 7, -1/35 HPs)
             Began as a Spriggan Enchanter on Oct 15, 2022.
             Killed by divine providence
             ... invoked by an orc priest
              (13 damage)
             ... on level 6 of the Dungeon.
             The game lasted 00:13:09 (4973 turns).

koil the Sneak (Spriggan Enchanter)                 Turns: 4973, Time: 00:13:12

Health: -1/35      AC:  3    Str:  4    XL:     7   Next: 73%
Magic:  15/15      EV: 19    Int: 17    God:
Gold:   351        SH:  0    Dex: 17    Spells: 8/15 levels left

rFire   . . .      SeeInvis +    v - +1 dagger (venom)
rCold   . . .      Faith    .    (no shield)
rNeg    . . .      Spirit   .    b - +0 robe
rPois   .          Reflect  .    (helmet restricted)
rElec   .          Harm     .    r - +0 cloak
rCorr   .          Rampage  .    (gloves unavailable)
Will    +....                    (boots unavailable)
Stlth   ++++......               (no amulet)
HPRegen 0.25/turn                (no ring)
MPRegen 0.14/turn                (no ring)

@: very quick
A: very small, no large weapons, unfitting armour, see invisible, speed 3
a: no special abilities


You were on level 6 of the Dungeon.
You visited 1 branch of the dungeon, and saw 6 of its levels.

You collected 351 gold pieces.

Inventory:

Hand Weapons
 a - a +1 dagger
 t - a +2 quarterstaff of chaos
 v - a +1 dagger of venom (weapon)
 C - a +1 dagger of holy wrath
Missiles
 y - 5 curare-tipped darts (quivered)
Armour
 b - a +0 robe (worn)
 r - a +0 cloak (worn)
 u - a +0 cloak
Magical Staves
 o - a staff of death
Wands
 D - a wand of polymorph (4)
Scrolls
 e - a scroll of blinking {unknown}
 g - 10 scrolls of identify {unknown}
 m - a scroll of summoning
 p - 2 scrolls of poison {unknown}
 q - a scroll of acquirement {unknown}
 s - 2 scrolls of enchant weapon {unknown}
 x - 4 scrolls of noise {unknown}
 A - a scroll of vulnerability {unknown}
 B - a scroll of butterflies {unknown}
 F - a scroll of brand weapon {unknown}
Potions
 c - 2 potions of invisibility
 d - 3 potions of heal wounds {unknown}
 f - a potion of cancellation {unknown}
 h - a potion of might {unknown}
 i - 3 potions of haste {unknown}
 j - 2 potions of mutation {unknown}
 k - a potion of resistance {unknown}
 l - 2 potions of attraction {unknown}
 n - 2 potions of curing {unknown}
 w - 2 potions of flight {unknown}
 z - a potion of magic {unknown}
 E - a potion of degeneration {unknown}


   Skills:
 + Level 2.3 Fighting
 + Level 3.5 Short Blades
 + Level 1.7 Throwing
 + Level 5.0 Dodging
 + Level 6.7 Stealth
 + Level 4.8 Spellcasting
 + Level 5.2 Hexes
 + Level 2.6 Translocations
 + Level 2.2 Evocations


You had 8 spell levels left.
You knew the following spells:

 Your Spells              Type           Power      Damage    Failure   Level
a - Ensorcelled Hibernat  Hex/Ice        26%        N/A       8%          2
b - Confusing Touch       Hex            21%        N/A       4%          3
c - Blink                 Tloc           26%        N/A       8%          2

Your spell library contained the following spells:

 Spells                   Type           Power      Damage    Failure   Level
 Tukima's Dance           Hex            21%        N/A       4%          3
 Freeze                   Ice            16%        1d4       14%         1
 Dazzling Flash           Conj/Hex       26%        N/A       16%         3
 Frozen Ramparts          Ice            8%         1d2       41%         3
 Hailstorm                Conj/Ice       4%         3d4       41%         3
 Manifold Assault         Tloc           13%        N/A       43%         4
 Storm Form               Tmut/Air       2%         N/A       100%        7


Dungeon Overview and Level Annotations

Branches:
Dungeon (6/15)             Temple (0/1) D:5

Altars:
Cheibriados
Ru
Vehumet
Zin

Shops:
D:1 (?   D:2 [   D:4 *


Innate Abilities, Weirdness & Mutations

You are very small and have problems with some larger weapons.
You are too small for most types of armour.
You have supernaturally acute eyesight. (SInv)
You cover ground extremely quickly. (Speed+++)


Message History

An orc comes into view. It is wielding a +0 club.
An orc priest comes into view. It is wielding a +0 dagger.
The orc shouts!
You hit the orc wizard.
The orc wizard is poisoned.
The orc wizard is moderately wounded.
You closely miss the orc wizard.
The orc wizard is moderately wounded.
The orc wizard closely misses you.
The orc priest invokes the aid of Beogh against you.
Beogh smites you!
You hit the orc wizard.
The orc wizard looks as sick as possible!
The orc wizard is heavily wounded.
The orc wizard hits you with a +0 dagger.
The orc completely misses you.
You hit the orc wizard.
The orc wizard is severely wounded.
You kill the orc wizard!
The orc completely misses you.
The orc priest invokes the aid of Beogh against you.
Beogh smites you!
You are too injured to fight recklessly!
You are too injured to fight recklessly!
You are too injured to fight recklessly!
You are too injured to fight recklessly!
Unknown command.
You are too injured to fight recklessly!
You are too injured to fight recklessly!
You are too injured to fight recklessly!
You hit the orc.
The orc is poisoned.
The orc is heavily wounded.
You hit the orc priest but do no damage.
The orc priest is poisoned.
You hit the orc priest.
The orc priest looks as sick as possible!
The orc priest is moderately wounded.
The orc barely misses you.
The orc priest invokes the aid of Beogh against you.
Beogh smites you!
You die...

# #### ##..
..##.. #.... #..#
####..#
###.....#####
#@..###.....#####
......oo###
#####.....#
....#####
#####.## ## #...
..........
##########


You could see an orc priest (extremely poisoned) and an orc (very poisoned).

Vanquished Creatures
  Prince Ribbit (D:5)
  3 scorpions
  A necrophage (D:6)
  2 hounds
  Crazy Yiuf (D:2)
  5 orc wizards
  An iguana (D:5)
  4 gnolls
  6 adders
  A white imp (D:6)
  2 worms (D:4)
  2 dart slugs
  9 orcs
  7 bats
  7 endoplasms
  3 goblins
  8 hobgoblins
  8 jackals
  8 kobolds
  3 quokkas
  5 ball pythons
  3 frilled lizards
  4 rats
94 creatures vanquished.

Notes
Turn   | Place    | Note
-------+----------+-------------------------------------------
     0 | D:1      | koil the Spriggan Enchanter began the quest for the Orb.
     0 | D:1      | Reached XP level 1. HP: 9/9 MP: 5/5
   185 | D:1      | Found Icwam's Weapon Boutique.
   500 | D:1      | Found Liexa's Magic Scroll Emporium.
   697 | D:2      | Reached XP level 2. HP: 3/13 MP: 6/6
   700 | D:2      | Learned a level 2 spell: Ensorcelled Hibernation
  1108 | D:2      | Reached XP level 3. HP: 16/17 MP: 8/8
  1112 | D:2      | Learned a level 3 spell: Confusing Touch
  1286 | D:2      | Found Zipop's Armour Boutique.
  1314 | D:2      | Found a runed translucent door.
  1315 | D:2      | Noticed Crazy Yiuf
  1649 | D:2      | Killed Crazy Yiuf
  1650 | D:2      | Reached skill level 1 in Fighting
  1650 | D:2      | Reached skill level 5 in Stealth
  1703 | D:3      | Found a faded altar of an unknown god.
  1726 | D:3      | Found a snail-covered altar of Cheibriados.
  1818 | D:3      | Reached XP level 4. HP: 22/22 MP: 10/10
  2074 | D:3      | Found a radiant altar of Vehumet.
  2822 | D:4      | Reached XP level 5. HP: 17/25 MP: 4/11
  3181 | D:4      | Found a sacrificial altar of Ru.
  3215 | D:4      | Found Zin's Purification Station.
  3218 | D:4      | Found a glowing silver altar of Zin.
  3326 | D:4      | Reached XP level 6. HP: 8/30 MP: 1/13
  3440 | D:4      | Learned a level 2 spell: Blink
  3872 | D:5      | Entered Level 5 of the Dungeon
  3963 | D:5      | Reached skill level 1 in Translocations
  4052 | D:5      | Reached skill level 6 in Stealth
  4052 | D:5      | Reached skill level 1 in Evocations
  4141 | D:5      | Noticed Prince Ribbit
  4157 | D:5      | Killed Prince Ribbit
  4158 | D:5      | Reached skill level 1 in Throwing
  4158 | D:5      | Reached XP level 7. HP: 21/35 MP: 5/14
  4201 | D:5      | Reached skill level 5 in Hexes
  4446 | D:5      | Found a staircase to the Ecumenical Temple.
  4725 | D:6      | Reached skill level 5 in Dodging
  4973 | D:6      | Killed from afar by an orc priest

Illustrated notes

Levels and vault maps discovered:
D:1:      amcnicky_arrival_flooded_fountain, layout_loops_cross, serial_shops,
          nicolae_shop_bloodbath_and_beyond, nicolae_shop_trees,
          kennysheep_doodads, minmay_misc_feat_cross, minmay_misc_feat_pillars
D:2:      layout_basic, serial_shops, nicolae_shop_behind_doors,
          uniq_crazy_yiuf_cottage
D:3:      kennysheep_big_flooded_room, layout_basic,
          mainiacjoe_overflow_chevrons, mainiacjoe_overflow_24_doors,
          serial_curves, eino_curves_01, eino_curves_02, eino_curves_04,
          nicolae_ecumenical_pavilion
D:4:      layout_basic, mainiacjoe_overflow_boulevard, zin_purify
D:5:      layout_cave_pools, minmay_temple_entry_drinking_statues,
          uniq_prince_ribbit1
D:6:      layout_rooms

Skill      XL: |  1  2  3  4  5  6  7 |
---------------+----------------------+-----
Dodging        | 3 4 5 |  5.0
Spellcasting   | 3 4 |  4.8
Fighting       | 1 2 |  2.3
Stealth        | 5 6 |  6.7
Hexes          | 4 5 |  5.2
Short Blades   | 2 3 |  3.5
Translocations | 2 |  2.6
Evocations     | 1 2 |  2.2
Throwing       | 1 |  1.7

Action                   |  1- 3 |  4- 6 |  7- 9 || total
-------------------------+-------+-------+-------++-------
Melee: Dagger            |    75 |   142 |    53 ||   270
       Punch             |     1 |     2 |       ||     3
 Cast: Ensorcelled Hiber |     4 |    19 |    10 ||    33
       Confusing Touch   |       |     1 |     2 ||     3
 Stab: Sleeping          |    10 |    17 |     5 ||    32
       Distracted        |     2 |       |       ||     2
       Confused          |       |       |     1 ||     1
Armor: Robe              |     2 |    17 |     5 ||    24
Dodge: Dodged            |    54 |    87 |    43 ||   184

Table legend: (Time is in decaauts)
 A = Elapsed time spent in this place.
 B = Non-inter-level travel time spent in this place.
 C = Inter-level travel time spent in this place.
 D = Time resting spent in this place.
 E = Time spent auto-exploring this place.
 F = Levels seen in this place.
 G = Mean time per level.
                   A        B        C        D        E       F      G
               +--------+--------+--------+--------+--------+-----+--------+
         Total |   3524 |   3432 |     92 |     90 |   2663 |   6 |  587.3 |
       Dungeon |   3524 |   3432 |     92 |     90 |   2663 |   6 |  587.3 |
               +--------+--------+--------+--------+--------+-----+--------+

Top non-repeatable levels by time:
     D:4: 928 daAuts
     D:2: 742 daAuts
     D:3: 714 daAuts
     D:5: 637 daAuts
     D:1: 399 daAuts
     D:6: 101 daAuts
